Map: 2000 Atmospheres LE

Players

A.I. 1 (Very Easy)

  • Race: Zerg Zerg

RumbleRandy - Winner!

  • Race: Terran Terran
  • League: Diamond

VOD

Have the link to the VOD?

Description

Time

  • Played on: April 6, 2022, 3:33 p.m.
  • Length: 9:39
Show
View Real Time Build Order
Export as new Build Order

A.I. 1 (Very Easy) Zerg 

Build Orders: Pool Only 

Get SALT Encoding   

  12  0:01  Drone  
  13  0:12  Overlord  
  13  0:16  Drone  
  14  0:35  Spawning Pool  
  13  0:37  Extractor  
  13  0:39  Drone  
  13  0:47  Drone  
  14  0:52  Overlord  
  14  1:22  Zergling x2  
  14  1:24  Queen  
  17  1:30  Roach Warren  
  16  1:34  Drone  
  16  1:39  Zergling x2, Extractor  
  17  1:43  Drone  
  18  1:55  Drone  
  18  1:57  Zergling x2  
  20  2:06  Drone  
  21  2:17  Drone  
  22  2:28  Drone  
  23  2:30  Overlord  
  23  2:35  Drone  
  24  2:42  Drone  
  25  4:57  Queen  
  25  4:59  Drone  
  24  5:01  Zergling x2  
  24  5:06  Drone  
  18  5:13  Drone  
  13  5:21  Drone  
  8  5:22  Zergling x2  
  8  5:28  Drone  
  5  5:35  Drone  
  5  5:39  Zergling x2  
  5  5:42  Drone  
  6  5:49  Drone  
  3  5:57  Drone  
  2  6:04  Drone  
  2  6:08  Roach  
  3  6:11  Drone  
  3  6:18  Drone  
  3  6:22  Overlord  
  3  6:25  Drone  
  3  6:33  Drone  
  2  6:41  Drone  
Show
View Real Time Build Order
Export as new Build Order

RumbleRandy Terran - Winner!

Build Orders: Liberator Opening, Reaper Expand 

Get SALT Encoding   

  12  0:00  SCV  
  13  0:12  SCV  
  14  0:17  Supply Depot  
  14  0:24  SCV  
  15  0:39  SCV  
  15  0:40  Barracks  
  16  0:44  Refinery  
  16  0:51  SCV  
  17  1:03  SCV  
  18  1:15  SCV  
  19  1:27  Orbital Command, Reaper  
  20  1:40  Command Center  
  20  1:47  Supply Depot  
  20  1:53  SCV  
  21  1:59  Marine  
  22  2:05  SCV  
  23  2:09  Factory  
  23  2:15  Refinery  
  23  2:19  SCV  
  24  2:25  Barracks Reactor  
  24  2:31  SCV  
  25  2:43  SCV  
  26  2:52  Orbital Command  
  26  2:54  Starport  
  26  2:56  SCV  
  27  3:04  Hellion  
  27  3:05  Hellion  
  31  3:08  SCV  
  31  3:09  Marine  
  33  3:14  Supply Depot  
  33  3:18  SCV  
  34  3:20  SCV  
  34  3:26  Hellion x2  
  39  3:30  SCV  
  39  3:32  SCV  
  39  3:33  Liberator  
  44  3:35  Barracks Tech Lab  
  44  3:43  SCV  
  44  3:44  SCV  
  44  3:47  Hellion x2  
  50  3:52  Supply Depot  
  50  3:55  SCV  
  51  3:56  SCV  
  52  4:06  Stimpack  
  52  4:07  SCV  
  52  4:08  SCV  
  54  4:14  Hellion x2  
  54  4:15  Supply Depot  
  54  4:16  Viking  
  60  4:19  SCV  
  60  4:21  Marine  
  62  4:29  Supply Depot  
  62  4:37  SCV x2  
  64  4:38  Command Center  
  64  4:46  Marine  
  64  4:49  Starport Reactor, SCV  
  64  4:50  Barracks  
  64  4:51  SCV  
  67  4:53  Barracks  
  67  4:57  Supply Depot  
  67  5:01  SCV  
  67  5:03  SCV  
  67  5:04  Factory Reactor  
  69  5:07  Engineering Bay x2  
  69  5:08  Refinery  
  69  5:10  Refinery  
  69  5:13  SCV  
  69  5:14  Marine  
  71  5:15  SCV  
  72  5:25  SCV  
  72  5:27  SCV  
  74  5:34  Supply Depot  
  74  5:37  Supply Depot  
  74  5:40  Terran Infantry Weapons Level 1, Terran Infantry Armor Level 1  
  74  5:45  Marine  
  74  5:46  Marine x2  
  74  5:48  Widow Mine  
  74  5:49  Widow Mine  
  81  5:50  Combat Shield, Barracks  
  81  5:51  Barracks  
  81  5:57  Starport Reactor  
  81  6:00  Orbital Command  
  81  6:02  Supply Depot  
  81  6:04  Marine  
  81  6:05  Marine  
  81  6:06  Marine, Supply Depot  
  81  6:10  Marine  
  81  6:11  Marine  
  85  6:13  SCV x2  
  85  6:15  Widow Mine  
  85  6:17  Widow Mine  
  92  6:22  Marine  
  92  6:23  Marine  
  92  6:24  Marine  
  92  6:25  Orbital Command  
  93  6:33  Marine x2  
  93  6:35  Medivac x2  
  93  6:36  Widow Mine  
  93  6:37  SCV x2  
  93  6:38  Widow Mine  
  93  6:39  Barracks Reactor  
  103  6:49  SCV  
  103  6:51  SCV  
  103  6:52  SCV  
  106  6:55  Marine x2  
  106  6:56  Supply Depot, Marine, Barracks Reactor  
  106  6:57  Marine  
  106  6:58  Supply Depot  
  115  7:01  Widow Mine x2, SCV  
  115  7:03  SCV  
  115  7:04  SCV  
  115  7:05  Marine  
  118  7:09  Medivac x2  
  118  7:10  Armory  
  118  7:13  SCV  
  123  7:15  SCV  
  123  7:16  SCV  
  125  7:23  Supply Depot x2  
  125  7:25  Marine, SCV  
  125  7:26  Marine x2  
  125  7:27  Marine, SCV  
  125  7:28  SCV  
  125  7:29  Marine x2  
  133  7:33  Marine x3  
  137  7:37  SCV  
  137  7:40  Widow Mine x2, SCV x2, Medivac x2  
  148  7:49  Supply Depot, SCV  
  148  7:50  Refinery, Supply Depot  
  149  7:51  Refinery  
  149  7:54  Sensor Tower  
  149  8:00  Factory, Marine x8  
  149  8:01  Marine  
  149  8:03  Widow Mine  
  160  8:08  SCV x3  
  160  8:10  Medivac x2  
  167  8:13  Supply Depot  
  167  8:15  Supply Depot  
  167  8:28  Marine x9  
  176  8:36  SCV x3  
  179  8:46  Marine  
  179  8:48  Marine x6, SCV x2  
  184  8:49  Marine  
  184  8:50  Concussive Shells  
  184  8:51  Command Center, Medivac  
  195  9:02  Widow Mine x2  
  195  9:04  Factory Tech Lab  
  195  9:13  Supply Depot  
  195  9:14  Barracks  
  195  9:15  Barracks  
  195  9:16  Barracks, Supply Depot  
  195  9:17  Marine x2  
Tags
 
Add a new tag
Caveats
  • Supply blocks, unpowered buildings, or Contaminate may cause inaccurate times.
  • Supply counts are checked every 10 seconds.